AoeStats
← FDAGZ

Arabia

508797052Analyzed
2v2 RM · 8d ago on Sep 24, 2026· 36m 28s· 4 players
Game mode
Random Map
Map size
Medium (4 player)
Population
200
Speed
Normal
Resources
Standard
Victory
Conquest
Starting age
Dark Age
Ending age
Imperial Age
RankedLock teamsTeams togetherTeam positionsShared explorationLock speedFull tech treeHidden civsTurbo modeCheats
Victory
Defeat
🇲🇽 Mongols · Mexico
952
+13
🇲🇽 Japanese · Mexico
877
+16
🇨🇴 Berbers · Colombia
897
-15
🇨🇴 Khmer · Colombia
864
-14
FDAGZ
10:08 Feudal Age
11:39 Man-at-Arms
16:00 Loom
22:15 Wheelbarrow
22:13 Fletching
26:05 Castle Age
24:16 Double-Bit Axe
24:17 Horse Collar
26:51 Forging
26:28 Arson
33:07 Bloodlines
32:58 Husbandry
34:19 Hand Cart
slim Shady1318
6:09 Loom
11:27 Feudal Age
11:58 Man-at-Arms
12:55 Double-Bit Axe
13:06 Horse Collar
20:18 Scale Mail Armor
20:31 Forging
21:48 Arson
25:02 Stone Mining
25:03 Gold Mining
28:42 Castle Age
29:35 Bow Saw
30:03 Heavy Plow
33:10 Imperial Age
luigibros55
10:47 Feudal Age
11:16 Double-Bit Axe
15:51 Bloodlines
18:59 Forging
23:39 Castle Age
23:54 Stone Mining
23:55 Gold Mining
25:55 Wheelbarrow
24:44 Elite Skirmisher
25:30 Thumb Ring
27:04 Husbandry
26:26 Light Cavalry
27:37 Fletching
28:10 Bow Saw
28:38 Hand Cart
29:10 Hand Cart
29:46 Stone Shaft Mining
30:55 Iron Casting
30:17 Bodkin Arrow
31:07 Ballistics
31:43 Gold Shaft Mining
36:52 Imperial Age
JadeJade
8:00 Loom
9:56 Feudal Age
10:22 Man-at-Arms
12:28 Arson
13:11 Double-Bit Axe
14:09 Scale Mail Armor
14:11 Horse Collar
15:53 Forging
20:47 Castle Age
21:20 Bloodlines
22:04 Iron Casting
22:22 Squires
22:26 Long Swordsman
23:51 Light Cavalry
25:03 Scale Barding Armor
34:40 Chain Mail Armor
34:47 Bow Saw
39:06 Imperial Age
Connection lost

Rejoining the realm…

Still unreachable

The connection could not be restored.

Session expired

The server has moved on; the page needs a fresh start.